 Dungeon Crawl Stone Soup version 0.29.0-7-g18a832c13a (webtiles) character file.

Game seed: 288925920919834814

261 sirJeffrey23 the Cutter (level 5, -7/46 HPs)
             Began as a Draconian Monk on Aug 30, 2022.
             Mangled by a shadow (24 damage)
             ... on level 5 of the Dungeon.
             The game lasted 00:03:27 (4093 turns).

sirJeffrey23 the Cutter (Draconian Monk)            Turns: 4093, Time: 00:03:27

Health: -7/46      AC:  6    Str: 14    XL:     5   Next: 96%
Magic:  5/5        EV: 13    Int: 10    God:
Gold:   147        SH:  0    Dex: 15    Spells: 4/4 levels left

rFire   . . .      SeeInvis .   k - +1 short sword (freeze)
rCold   . . .      Faith    .   (no shield)
rNeg    . . .      Spirit   .   (body armour unavailable)
rPois   .          Reflect  .   (helmet restricted)
rElec   .          Harm     .   (no cloak)
rCorr   .          Rampage  .   (no gloves)
Will    .....                   n - +0 pair of boots
Stlth   ++........              e - amulet of regeneration
HPRegen 0.95/turn               (no ring)
MPRegen 0.09/turn               (no ring)

@: no status effects
A: AC +5, unfitting armour, cold-blooded
a: no special abilities


You were on level 5 of the Dungeon.
You visited 1 branch of the dungeon, and saw 5 of its levels.

You collected 147 gold pieces.

Inventory:

Hand Weapons
 k - a +1 short sword of freezing (weapon)
Missiles
 g - 2 throwing nets (quivered)
Armour
 n - a +0 pair of boots (worn)
Jewellery
 e - an amulet of regeneration (around neck)
Scrolls
 d - a scroll of teleportation
 l - a scroll of fog
 m - 2 scrolls of fear
 o - a scroll of blinking {unknown}
Potions
 a - 3 potions of mutation {unknown}
 b - a potion of ambrosia
 c - 6 potions of curing {unknown}
 f - a potion of invisibility {unknown}
 h - a potion of brilliance {unknown}
 i - a potion of degeneration {unknown}
 j - a potion of attraction {unknown}
 p - a potion of heal wounds {unknown}
 q - a potion of berserk rage {unknown}


   Skills:
 * Level 4.2 Fighting
 * Level 4.7 Short Blades
 * Level 4.2 Dodging
 + Level 2.5 Stealth


You had 4 spell levels left.
You didn't know any spells.
Your spell library contained the following spells:

 Spells                   Type           Power      Damage    Failure   Level
 Foxfire                  Conj/Fire      0%         2x1d4     36%         1
 Conjure Flame            Conj/Fire      0%         6-21      75%         3
 Inner Flame              Hex/Fire       0%         N/A       75%         3
 Flame Wave               Conj/Fire      0%         2d4       98%         4
 Malign Gateway           Summ/Tloc      0%         N/A       100%        7
 Summon Horrible Things   Summ           0%         N/A       100%        8


Dungeon Overview and Level Annotations

Branches:
Dungeon (5/15)
 Temple: D:4-7

Altars:
Dithmenos
Fedhas

Shops:
D:2 =

Annotations:
D:4 2 runed translucent doors, nroviw's ghost, novice TrFi


Innate Abilities, Weirdness & Mutations

Your plain brown scales are hard. (AC +5)
You cannot fit into any form of body armour.
You are cold-blooded and may be slowed by cold attacks.


Message History

You hit the shadow but do no damage.
The shadow is heavily damaged.
The shadow slips into darkness.
The shadow flickers and vanishes!
Deactivating autopickup; reactivate with Ctrl-A.
You hit something but do no damage. You barely miss something.
The shadow strikes at you from the darkness!
Reactivating autopickup.
You hit the shadow but do no damage.
The shadow is heavily damaged.
The shadow hits you.
You barely miss the shadow.
The shadow is heavily damaged.
The shadow barely misses you.
You barely miss the shadow.
The shadow is heavily damaged.
The shadow hits you!
You hit the shadow but do no damage.
The shadow is heavily damaged.
The shadow slips into darkness.
The shadow flickers and vanishes!
Deactivating autopickup; reactivate with Ctrl-A.
You hit something.
Your tail-slap misses something.
The shadow strikes at you from the darkness!
Reactivating autopickup.
You hit the shadow but do no damage.
The shadow is severely damaged.
You hit the shadow.
The shadow is severely damaged.
The shadow completely misses you.
You closely miss the shadow.
The shadow is severely damaged.
The shadow slips into darkness.
The shadow flickers and vanishes!
Deactivating autopickup; reactivate with Ctrl-A.
You hit something but do no damage.
The shadow strikes at you from the darkness!
Ouch! That really hurt!
You die...

###..#.............#.........#
..#.............#.........#
..#######+#######.........#
#............#
#####............#
#......###+#...... #......#
...... #......# ......
#...@..# .... #....{.#
............. ...............
................
................
................
.#########+###.


There were no monsters in sight!

Vanquished Creatures
  2 hounds
  An orc priest (D:4)
  An iguana (D:4)
  3 gnolls
  2 adders (D:2)
  2 ufetubi
  A worm (D:4)
  2 dart slugs
  11 orcs
  2 endoplasms
  3 giant cockroaches
  3 goblins
  5 hobgoblins
  5 jackals (D:1)
  3 kobolds (D:4)
  8 quokkas
  10 ball pythons
  3 bats
  2 frilled lizards
  3 rats
72 creatures vanquished.

Vanquished Creatures (others)
  7 plants (D:5)
7 creatures vanquished.

Grand Total: 79 creatures vanquished

Notes
Turn   | Place    | Note
-------+----------+-------------------------------------------
     0 | D:1      | sirJeffrey23 the Draconian Monk began the quest for the
                  | Orb.
     0 | D:1      | Reached XP level 1. HP: 19/19 MP: 1/1
    27 | D:1      | You fall into a shaft and drop 1 floor!
    85 | D:2      | Found a shadowy altar of Dithmenos.
   253 | D:2      | Reached XP level 2. HP: 12/26 MP: 2/2
   954 | D:1      | Reached XP level 3. HP: 29/31 MP: 3/3
  1460 | D:2      | Found Zauhox's Jewellery Shoppe.
  2053 | D:3      | Reached XP level 4. HP: 38/40 MP: 4/4
  3163 | D:4      | HP: 1/40 [orc priest/divine providence (14)]
  3211 | D:4      | Reached XP level 5. HP: 36/46 MP: 5/5
  3677 | D:4      | Found a large runed translucent door.
  3677 | D:4      | Found a large runed translucent door.
  3680 | D:4      | Noticed nroviw's ghost (novice TrFi)
  3710 | D:4      | Found a blossoming altar of Fedhas.
  3972 | D:5      | Entered Level 5 of the Dungeon
  4065 | D:5      | Noticed a shadow
  4093 | D:5      | Mangled by a shadow

Illustrated notes

Levels and vault maps discovered:
D:1:      minmay_arrival_four_loops, layout_basic
D:2:      layout_loops_ring, serial_shops, shop_statue, basic_altar,
          chequers_serial_rivers_micro_d
D:3:      layout_basic
D:4:      layout_rooms, fedhas_altar_2, ebering_ghost_disaster_area
D:5:      layout_gridville, serial_bayou_ford_a, kennysheep_generic_room_16,
          uniq_ijyb

Skill      XL: |  1  2  3  4  5 |
---------------+----------------+-----
Dodging        | 3 4 |  4.2
Stealth        | 2 |  2.5
Short Blades   | 4 |  4.7
Fighting       | 4 |  4.2

Action                   |  1- 3 |  4- 6 || total
-------------------------+-------+-------++-------
Melee: Short sword       |   167 |   176 ||   343
       Tailslap          |    11 |    22 ||    33
       Punch             |       |     1 ||     1
  Use: Scroll            |       |     9 ||     9
       Potion            |       |     1 ||     1
 Stab: Sleeping          |     7 |       ||     7
Armor: Skin              |    31 |    38 ||    69
Dodge: Dodged            |   108 |   111 ||   219
